 Dungeon Crawl Stone Soup version 0.25.1-2-g60ff931df9 (webtiles) character file.

Game seed: 1836549458447710147

702 raphialitos the Covert (level 7, -5/47 HPs)
             Began as an Octopode Assassin on Nov 9, 2020.
             Slain by an ice beast (13 damage)
             ... on level 5 of the Dungeon.
             The game lasted 00:12:27 (4860 turns).

raphialitos the Covert (Octopode Assassin)          Turns: 4860, Time: 00:12:28

Health: -5/47      AC:  1    Str: 16      XL:     7   Next: 66%
Magic:  7/7        EV: 14    Int: 13      God:
Gold:   121        SH:  0    Dex: 14 (16) Spells: 6/6 levels left

rFire    . . .     SeeInvis .   q - +0 rapier
rCold    . . .     Gourm    .   (no shield)
rNeg     . . .     Faith    .   (helmet restricted)
rPois    .         Spirit   .   (no amulet)
rElec    .         Reflect  .   f - +6 ring of strength
rCorr    .         Harm     .   (no ring)
MR       .....                  (no ring)
Stlth    +++++.....             (no ring)
HPRegen  0.15/turn              (no ring)
MPRegen  0.10/turn              (no ring)
                                (no ring)
                                (no ring)

@: no status effects
A: almost no armour, stealthy swim, amphibious, 8 rings, constrict 8, camouflage
1, gelatinous body 1
a: no special abilities


You were on level 5 of the Dungeon.
You were not hungry.

You visited 1 branch of the dungeon, and saw 5 of its levels.

You collected 121 gold pieces.

Inventory:

Hand Weapons
 a - a +3 dagger
 e - a +2 dagger of speed
 k - a +1 flail of holy wrath
 q - a +0 rapier (weapon)
Missiles
 b - 8 poisoned darts (quivered)
 c - 2 curare-tipped darts
 o - 82 arrows
 s - 62 bolts
Jewellery
 f - a +6 ring of strength (left tentacle)
 n - an uncursed amulet of reflection {unknown}
Wands
 g - a wand of flame (16)
 h - a wand of paralysis (7)
 p - a wand of random effects (13)
Scrolls
 j - a scroll of immolation
 t - 2 scrolls of identify
Potions
 i - a potion of stabbing {unknown}
 l - a potion of brilliance {unknown}
 m - 2 potions of might {unknown}
 r - a potion of flight {unknown}
 v - 2 potions of heal wounds {unknown}
Comestibles
 d - 10 rations


   Skills:
 + Level 3.6 Fighting
 + Level 4.8 Short Blades
 + Level 2.0 Throwing
 + Level 2.6 Dodging
 + Level 9.4 Stealth


You had 6 spell levels left.
You didn't know any spells.
Your spell library contained the following spells:

 Spells                   Type           Power        Failure   Level  Hunger
 Summon Small Mammal      Summ           #...         30%         1    ##.....
 Call Imp                 Summ           #.......     43%         2    ###....
 Call Canine Familiar     Summ           #.......     67%         3    ####...
 Summon Guardian Golem    Hex/Summ       #.......     67%         3    ####...
 Summon Ice Beast         Ice/Summ       #.......     97%         4    #####..
 Summon Lightning Spire   Summ/Air       #.......     97%         4    #####..


Dungeon Overview and Level Annotations

Branches:
Dungeon (6/15)
 Temple: D:4-7

Altars:
Elyvilon

Annotations:
D:3 1 transporter, barney's ghost, amateur DrTm


Innate Abilities, Weirdness & Mutations

You cannot wear most types of armour.
You are very stealthy in the water. (Stealth+)
You are amphibious.
You can wear up to eight rings at the same time.
You can use your tentacles to constrict eight enemies at once.
Your skin changes colour to match your surroundings (Stealth+).
Your rubbery body absorbs attacks. (AC +1, EV +1)


Message History

You squeeze the worker ant zombie, but do no damage.
The worker ant zombie is severely damaged.
You constrict the worker ant zombie.
The worker ant zombie barely misses you.
The ice beast hits you. The ice beast freezes you.
You hit the worker ant zombie. You squeeze the worker ant zombie.
You destroy the worker ant zombie!
The ice beast closely misses you. The ice beast hits you.
The ice beast freezes you!
* * * LOW HITPOINT WARNING * * *
Unknown command.
You completely miss the ice beast. You squeeze the ice beast!
The ice beast is moderately wounded.
The ice beast misses you.
You puncture the ice beast! Your squeeze misses the ice beast.
The ice beast is severely wounded.
The ice beast hits you.
* * * LOW HITPOINT WARNING * * *
The ice beast freezes you!
You die...

#...........#
#.#########.# # #.#
#.# #.
#.#########.#.# ..
#...........#.#
#.###########.#.#
#.#.............#.#
#......Y......#.#.#
#......@......#.#.#
#..########.....#.#
#...###.####
#..<.......#
#...##.###.#
###...##.# #.#
#.....##.# #.#
#.#.#.##.# #.#
#.#.#.##.###.##


You could see an ice beast.

Vanquished Creatures
  Sigmund (D:2)
  A bullfrog (D:6)
  A quasit (D:5)
  3 orc priests (D:3)
  2 orc wizards
  Natasha (thrice) (D:2)
  Terence (D:2)
  A worker ant zombie (D:5)
  4 gnolls (D:6)
  5 adders
  2 worms
  2 dart slugs (D:1)
  8 leopard geckos
  20 orcs
  6 ball pythons
  4 bats
  4 giant cockroaches
  10 goblins
  5 hobgoblins
  2 jackals (D:3)
  3 quokkas
  3 frilled lizards
  5 kobolds
  10 rats
106 creatures vanquished.

Notes
Turn   | Place    | Note
-------+----------+-------------------------------------------
     0 | D:1      | raphialitos the Octopode Assassin began the quest for the
                  | Orb.
     0 | D:1      | Reached XP level 1. HP: 14/14 MP: 1/1
   182 | D:1      | Reached XP level 2. HP: 19/19 MP: 2/2
   485 | D:1      | Reached skill level 6 in Stealth
   624 | D:1      | Reached XP level 3. HP: 14/25 MP: 3/3
  1218 | D:2      | Noticed Sigmund
  1536 | D:2      | Reached XP level 4. HP: 23/30 MP: 4/4
  1547 | D:2      | Reached skill level 7 in Stealth
  1625 | D:2      | Noticed Natasha
  1634 | D:2      | Killed Natasha
  1755 | D:2      | Noticed Terence
  1767 | D:2      | Killed Terence
  1767 | D:2      | Reached XP level 5. HP: 18/35 MP: 5/5
  1811 | D:2      | Noticed Natasha
  1843 | D:2      | Killed Natasha
  1954 | D:2      | Noticed Natasha
  1966 | D:2      | Killed Natasha
  2170 | D:2      | Found a faded altar of an unknown god.
  2933 | D:2      | Killed Sigmund
  2933 | D:2      | Reached skill level 8 in Stealth
  2933 | D:2      | Reached XP level 6. HP: 5/42 MP: 6/6
  3199 | D:3      | Found a transporter.
  3199 | D:3      | Noticed barney's ghost (amateur DrTm)
  3199 | D:3      | Identified the +4 dire flail of the Saviour {drain, rC+
                  | Dex+4}
  3636 | D:3      | Reached XP level 7. HP: 15/46 MP: 7/7
  3806 | D:3      | Reached skill level 9 in Stealth
  4294 | D:3      | You fall into a shaft and drop 3 floors!
  4385 | D:5      | Entered Level 5 of the Dungeon
  4520 | D:5      | Found a white marble altar of Elyvilon.
  4860 | D:5      | Slain by an ice beast

Illustrated notes

Levels and vault maps discovered:
D:1:      elethiomel_arrival_quiet, layout_loops_ring
D:2:      layout_rooms, chequers_ecumenical_altar_island, uniq_natasha,
          uniq_sigmund, uniq_terence
D:3:      layout_rooms, gammafunk_ghost_smash, minmay_shallow_snake_nest
D:5:      kennysheep_big_flooded_room, layout_basic, first_ration,
          elyvilon_altar_3
D:6:      layout_cave_pods, dancing_weapons_uskayaw, ebering_ghost_disaster_area

Skill      XL: |  1  2  3  4  5  6  7 |
---------------+----------------------+-----
Stealth        | 6 7 8 9 |  9.4
Fighting       | 3 |  3.6
Short Blades   | 3 4 |  4.8
Dodging        | 2 |  2.6
Throwing       | |  2.0

Action                   |  1- 3 |  4- 6 |  7- 9 || total
-------------------------+-------+-------+-------++-------
Melee: Dagger            |    55 |    41 |       ||    96
       Constrict         |    13 |    24 |    18 ||    55
       Tentacles         |     5 |    20 |    24 ||    49
       Rapier            |       |    62 |    66 ||   128
  Use: Scroll            |     7 |     3 |       ||    10
       Potion            |       |       |     2 ||     2
 Stab: Sleeping          |    11 |     8 |     3 ||    22
       Distracted        |     1 |       |       ||     1
  Eat: Chunk             |     2 |     6 |     4 ||    12
Armor: Skin              |     2 |     3 |     5 ||    10
Dodge: Dodged            |    21 |    61 |    50 ||   132
